 Dungeon Crawl Stone Soup version 0.29-a0-43-g62a80824bf (webtiles) character file.

Game seed: 6129563221512802184

480 belegose the Cudgeller (level 7, -1/53 HPs)
             Began as a Gnoll Cinder Acolyte on Feb 3, 2022.
             Was a High Priest of Ignis.
             Slain by Grinder (6 damage)
             ... on level 4 of the Dungeon.
             The game lasted 00:07:38 (5499 turns).

belegose the Cudgeller (Gnoll Cinder Acolyte)       Turns: 5499, Time: 00:07:39

Health: -1/53      AC:  8    Str: 13    XL:     7   Next: 12%
Magic:  12/12      EV: 12    Int: 14    God:    Ignis [*****.]
Gold:   109        SH:  0    Dex:  9    Spells: 12/13 levels left

rFire   + . .      SeeInvis .   p - +4 quarterstaff (chaos)
rCold   . . .      Faith    .   (shield currently unavailable)
rNeg    . . .      Spirit   .   b - +0 robe
rPois   .          Reflect  .   (no helmet)
rElec   .          Harm     .   q - +0 cloak
rCorr   .          Rampage  .   (no gloves)
Will    .....                   j - +2 pair of boots
Stlth   ++........              (no amulet)
HPRegen 0.17/turn               (no ring)
MPRegen 0.13/turn               (no ring)

@: no status effects
A: fangs 1, strong nose, distributed training, iridescent scales 1, frail 1
a: Renounce Religion, Fiery Armour, Foxfire Swarm, Rising Flame


You were on level 4 of the Dungeon.
You worshipped Ignis.
Ignis was extremely pleased with you.
You visited 1 branch of the dungeon, and saw 5 of its levels.

You collected 109 gold pieces.

Inventory:

Hand Weapons
 a - a -1 mace of flaming
 f - a +1 antimagic mace
 i - a +2 short sword of draining
 p - a +4 quarterstaff of chaos (weapon)
Missiles
 g - 85 stones (quivered)
 h - 34 sling bullets
Armour
 b - a +0 robe (worn)
 j - a +2 pair of boots (worn)
 q - a +0 cloak (worn)
Jewellery
 x - an amulet of regeneration
Scrolls
 k - 3 scrolls of identify {unknown}
 m - 2 scrolls of enchant weapon {unknown}
 o - 3 scrolls of teleportation {unknown}
 r - a scroll of vulnerability {unknown}
Potions
 c - a potion of mutation
 d - a potion of heal wounds {unknown}
 e - a potion of lignification {unknown}
 l - a potion of degeneration {unknown}
 n - 2 potions of curing {unknown}
 s - a potion of resistance {unknown}
 t - 2 potions of might {unknown}
 u - a potion of haste {unknown}
 v - a potion of cancellation {unknown}
 w - a potion of flight {unknown}


   Skills:
 + Level 6.9 Fighting
 + Level 2.2 Short Blades
 + Level 2.2 Long Blades
 + Level 2.2 Axes
 + Level 6.9 Maces & Flails
 + Level 2.2 Polearms
 + Level 2.2 Staves
 + Level 2.2 Slings
 + Level 2.2 Bows
 + Level 2.2 Crossbows
 + Level 2.2 Throwing
 + Level 2.2 Armour
 + Level 2.2 Dodging
 + Level 2.2 Stealth
 + Level 2.2 Shields
 + Level 2.2 Unarmed Combat
 + Level 3.6 Spellcasting
 + Level 1.8 Conjurations
 + Level 1.8 Hexes
 + Level 1.8 Summonings
 + Level 1.8 Necromancy
 + Level 1.8 Translocations
 + Level 1.8 Transmutations
 + Level 5.7 Fire Magic
 + Level 1.8 Ice Magic
 + Level 1.8 Air Magic
 + Level 1.8 Earth Magic
 + Level 1.8 Poison Magic
 + Level 2.5 Invocations
 + Level 2.2 Evocations


You had 12 spell levels left.
You knew the following spells:

 Your Spells              Type           Power      Damage    Failure   Level
a - Animate Skeleton      Necr           14%        N/A       10%         1

Your spell library contained the following spells:

 Spells                   Type           Power      Damage    Failure   Level
 Scorch                   Fire           36%        2d7       2%          2
 Pain                     Necr           28%        1d5       10%         1
 Summon Small Mammal      Summ           28%        N/A       10%         1
 Call Canine Familiar     Summ           7%         N/A       28%         3
 Frozen Ramparts          Ice            14%        1d3       28%         3
 Gell's Gravitas          Tloc           7%         N/A       28%         3
 Summon Guardian Golem    Hex/Summ       7%         N/A       28%         3
 Teleport Other           Tloc           7%         N/A       28%         3
 Vampiric Draining        Necr           7%         2d6       28%         3
 Ice Form                 Ice/Tmut       7%         N/A       67%         4
 Summon Ice Beast         Ice/Summ       7%         N/A       67%         4
 Dispersal                Tloc           3%         N/A       100%        6


Dungeon Overview and Level Annotations

Branches:
Dungeon (5/15)
 Temple: D:4-7

Altars:
Gozag
Makhleb
The Shining One

Annotations:
D:4 Grinder


Innate Abilities, Weirdness & Mutations

You have very sharp teeth.
Your uncanny sense of smell can sniff out nearby items.
Your experience applies equally to all skills.
You are partially covered in iridescent scales. (AC +2)
You are frail. (-10% HP)


Message History

There is an open door here.
There is a stone staircase leading down here.
You climb downwards.
There is a stone staircase leading up here.
You climb upwards.
There is a stone staircase leading down here.
Unknown command.
There is an open door here.
There is an escape hatch in the ceiling here.
There is an open door here.
There is a stone staircase leading down here.
You climb downwards.
Found an escape hatch in the ceiling.
There is a stone staircase leading up here.
Grinder comes into view.
Grinder gestures at you. Pain shoots through your body!
You barely miss Grinder. Grinder hits you!
You writhe in agony.
You closely miss Grinder. Grinder hits you but does no damage.
You sock Grinder!
Grinder goes berserk!
Grinder is moderately wounded.
Grinder barely misses you. Grinder misses you.
You barely miss Grinder.
Grinder is moderately wounded.
Grinder misses you. Grinder hits you but does no damage.
You closely miss Grinder.
Grinder is moderately wounded.
Grinder hits you. Grinder hits you!
You writhe in agony.
You hit Grinder.
Grinder is moderately wounded.
Grinder hits you but does no damage.
You sock Grinder!
Grinder is heavily wounded.
Grinder hits you.
You writhe in agony.
Grinder hits you but does no damage.
You barely miss Grinder.
Grinder is heavily wounded.
Grinder hits you!
* * * LOW HITPOINT WARNING * * *
You writhe in agony.
You die...

#.##.# #.# #
#. .# #.# #.
.# #<# #.# #.#
.....# #.. ..#
.........
..#..
#.####### ...
..# #5# # ###
##@###.######
#...........##
#............#
#.####.####..#
#......# #..#
#.###### #..#
#.# #######.<#
#.###.....<..#
#.##...####.##


You could see Grinder (berserk).

Vanquished Creatures
  A gnoll sergeant (D:5)
  A scorpion (D:5)
  2 hounds (D:5)
  Crazy Yiuf (D:2)
  A bullfrog skeleton (D:5)
  An iguana (D:5)
  2 adders
  12 gnolls
  An adder skeleton (D:5)
  2 worms
  4 dart slugs
  5 orcs
  7 ball pythons
  8 bats
  6 endoplasms
  A giant cockroach (D:1)
  3 goblins
  A hobgoblin (D:3)
  2 quokkas (D:1)
  2 frilled lizards (D:1)
  8 kobolds
  3 rats
74 creatures vanquished.

Notes
Turn   | Place    | Note
-------+----------+-------------------------------------------
     0 | D:1      | belegose the Gnoll Cinder Acolyte began the quest for the
                  | Orb.
     0 | D:1      | Reached XP level 1. HP: 23/23 MP: 4/4
   194 | D:1      | Reached XP level 2. HP: 23/29 MP: 5/5
   259 | D:1      | Found a faded altar of an unknown god.
  1028 | D:1      | Reached XP level 3. HP: 35/35 MP: 7/7
  1913 | D:2      | Reached skill level 1 in Invocations
  2431 | D:2      | Found a runed translucent door.
  2432 | D:2      | Noticed Crazy Yiuf
  2447 | D:2      | HP: 1/35 [poisoned by Crazy Yiuf]
  2509 | D:2      | HP: 1/35 [Crazy Yiuf (7)]
  2510 | D:2      | Gained mutation: You are partially covered in iridescent
                  | scales. (AC +2) [potion of mutation]
  2510 | D:2      | Gained mutation: You are frail. (-10% HP) [potion of
                  | mutation]
  2510 | D:2      | Killed Crazy Yiuf
  2511 | D:2      | Reached skill level 1 in Short Blades
  2511 | D:2      | Reached skill level 1 in Long Blades
  2511 | D:2      | Reached skill level 1 in Axes
  2511 | D:2      | Reached skill level 1 in Polearms
  2511 | D:2      | Reached skill level 1 in Staves
  2511 | D:2      | Reached skill level 1 in Slings
  2511 | D:2      | Reached skill level 1 in Bows
  2511 | D:2      | Reached skill level 1 in Crossbows
  2511 | D:2      | Reached skill level 1 in Throwing
  2511 | D:2      | Reached skill level 1 in Armour
  2511 | D:2      | Reached skill level 1 in Dodging
  2511 | D:2      | Reached skill level 1 in Stealth
  2511 | D:2      | Reached skill level 1 in Shields
  2511 | D:2      | Reached skill level 1 in Unarmed Combat
  2511 | D:2      | Reached skill level 1 in Evocations
  2511 | D:2      | Reached XP level 4. HP: 1/36 MP: 8/8
  3213 | D:3      | Found a burning altar of Makhleb.
  3301 | D:3      | Found an opulent altar of Gozag.
  3642 | D:3      | You fall into a shaft and drop 2 floors!
  3642 | D:5      | Entered Level 5 of the Dungeon
  3677 | D:5      | Reached skill level 1 in Conjurations
  3677 | D:5      | Reached skill level 1 in Hexes
  3677 | D:5      | Reached skill level 1 in Summonings
  3677 | D:5      | Reached skill level 1 in Necromancy
  3677 | D:5      | Reached skill level 1 in Translocations
  3677 | D:5      | Reached skill level 1 in Transmutations
  3677 | D:5      | Reached skill level 1 in Ice Magic
  3677 | D:5      | Reached skill level 1 in Air Magic
  3677 | D:5      | Reached skill level 1 in Earth Magic
  3677 | D:5      | Reached skill level 1 in Poison Magic
  3692 | D:5      | Reached XP level 5. HP: 35/42 MP: 9/9
  3895 | D:5      | Reached XP level 6. HP: 38/47 MP: 10/10
  4328 | D:5      | Found a glowing golden altar of the Shining One.
  4486 | D:5      | Identified the +2 dagger "Wudweno" {vamp, Contam rPois rN+}
  4535 | D:5      | Reached XP level 7. HP: 15/53 MP: 12/12
  5355 | D:3      | Learned a level 1 spell: Animate Skeleton
  5489 | D:4      | Noticed Grinder
  5499 | D:4      | Slain by Grinder

Illustrated notes

Levels and vault maps discovered:
D:1:      saegor_arrival_fortress, layout_loops_cross,
          hellmonk_ecumenical_altar_lost_god, minmay_tiny_reverse_x
D:2:      layout_basic, minmay_shallow_snake_nest, uniq_crazy_yiuf_cottage
D:3:      layout_loops_corners, bloody_makhleb,
          nicolae_gozag_cash_rules_everything_around_me
D:4:      layout_loops_ring, amcnicky_altar_gilded,
          minmay_temple_entry_crystal_x, uniq_robin, uniq_grinder
D:5:      layout_basic, old_standard_altar, nicolae_tso_swordbearing_angel

Skill      XL: |  1  2  3  4  5  6 |
---------------+-------------------+-----
Invocations    | 1 2 |  2.5
Short Blades   | 1 2 |  2.2
Long Blades    | 1 2 |  2.2
Axes           | 1 2 |  2.2
Polearms       | 1 2 |  2.2
Staves         | 1 2 |  2.2
Slings         | 1 2 |  2.2
Bows           | 1 2 |  2.2
Crossbows      | 1 2 |  2.2
Throwing       | 1 2 |  2.2
Armour         | 1 2 |  2.2
Dodging        | 1 2 |  2.2
Stealth        | 1 2 |  2.2
Shields        | 1 2 |  2.2
Unarmed Combat | 1 2 |  2.2
Spellcasting   | 3 |  3.6
Evocations     | 1 2 |  2.2
Conjurations   | 1 |  1.8
Hexes          | 1 |  1.8
Summonings     | 1 |  1.8
Necromancy     | 1 |  1.8
Translocations | 1 |  1.8
Transmutations | 1 |  1.8
Ice Magic      | 1 |  1.8
Air Magic      | 1 |  1.8
Earth Magic    | 1 |  1.8
Poison Magic   | 1 |  1.8
Fighting       | |  6.9
Maces & Flails | |  6.9
Fire Magic     | |  5.7

Action                   |  1- 3 |  4- 6 |  7- 9 || total
-------------------------+-------+-------+-------++-------
Melee: Mace              |    40 |       |       ||    40
       Bite              |     6 |     7 |     6 ||    19
       Short sword       |    48 |       |       ||    48
       Quarterstaff      |       |    84 |    36 ||   120
Invok: Fiery Armour      |     1 |     1 |       ||     2
  Use: Potion            |     1 |       |       ||     1
 Stab: Sleeping          |     1 |     2 |       ||     3
Armor: Robe              |    29 |    35 |    12 ||    76
Dodge: Dodged            |    46 |    37 |    17 ||   100

Table legend: (Time is in decaauts)
 A = Elapsed time spent in this place.
 B = Non-inter-level travel time spent in this place.
 C = Inter-level travel time spent in this place.
 D = Time resting spent in this place.
 E = Time spent auto-exploring this place.
 F = Levels seen in this place.
 G = Mean time per level.
                   A        B        C        D        E       F      G
               +--------+--------+--------+--------+--------+-----+--------+
         Total |   5536 |   5119 |    417 |    476 |   3652 |   5 | 1107.2 |
       Dungeon |   5536 |   5119 |    417 |    476 |   3652 |   5 | 1107.2 |
               +--------+--------+--------+--------+--------+-----+--------+

Top non-repeatable levels by time:
     D:2: 1685 daAuts
     D:1: 1544 daAuts
     D:5: 1154 daAuts
     D:3: 966 daAuts
     D:4: 185 daAuts
